 Dungeon Crawl Stone Soup version 0.22-a0-192-g6ffc940 (console) character file.

385602 toffzen the Ninja (level 21, 0/119 HPs)
             Began as a Spriggan Enchanter on Jan 27, 2018.
             Was a High Priest of Dithmenos.
             Killed from afar by an air elemental (3 damage)
             ... with a tornado
             ... summoned by Sojobo
             ... on level 2 of the Depths on Feb 16, 2018.
             The game lasted 06:35:08 (78832 turns).

toffzen the Ninja (Spriggan Enchanter)             Turns: 78832, Time: 06:35:09

Health: 0/119      AC:  7    Str:  9    XL:     21   Next: 99%
Magic:  32/38      EV: 34    Int: 30    God:    Dithmenos [*****.]
Gold:   2745       SH:  8    Dex: 15    Spells: 10/44 levels left

rFire    + + .     SeeInvis +   a - +2 dagger (venom)
rCold    + + +     Gourm    .   m - +0 buckler {rC+ rF+}
rNeg     . . .     Faith    .   L - +1 steam dragon scales
rPois    +         Spirit   .   (helmet restricted)
rElec    .         Reflect  .   B - scarf {rC+ rF+}
rCorr    +         Harm     .   (gloves unavailable)
MR       +++++                  (boots unavailable)
Stlth    ++++++++++             Z - amulet of magic regeneration
HPRegen  0.29/turn              s - ring of Freedom {rCorr +Blink rPois MR+++ Dex-2}
MPRegen  0.51/turn              G - ring of Greed {*Slow rC+ Str+5 Int+4}

@: flying (expiring), wreathed by umbra, very quick
A: very small, unfitting armour, see invisible, herbivore, speed 3, slow
metabolism 2
}: 2/15 runes: decaying, serpentine
a: Shadow Step, Shadow Form, Renounce Religion, Evoke Blink


You were on level 2 of the Depths.
You worshipped Dithmenos.
Dithmenos was extremely pleased with you.
You were not hungry.

You visited 9 branches of the dungeon, and saw 40 of its levels.
You visited the Abyss 1 time.
You also visited: Sewer.

You collected 4895 gold pieces.
You spent 2150 gold pieces at shops.

Inventory:

Hand Weapons
 a - a +2 dagger of venom (weapon)
 J - the +3 sling "Punk" {acid, rCorr}
   (You acquired it on level 1 of the Vaults)

   It protects you from acid and corrosion.
 Y - the +1 rapier of Nemelex Xobeh's Envy {holy, rN+ Str+3}
   (You found it on level 2 of the Swamp)

   It has been blessed by the Shining One to cause great damage to the undead
   and demons.
   It affects your strength (+3).
   It protects you from negative energy.
Missiles
 k - 905 stones (quivered)
 o - 82 poisoned needles
 z - a throwing net
Armour
 m - a +0 buckler of resistance (worn)
 q - +0 fire dragon scales
 B - a scarf of resistance (worn)
 L - +1 steam dragon scales (worn)
Jewellery
 s - the ring of Freedom (left hand) {rCorr +Blink rPois MR+++ Dex-2}
   (You bought it in a shop on level 2 of the Orcish Mines)

   [ring of resist corrosion]

   It affects your dexterity (-2).
   It protects you from poison.
   It affects your resistance to hostile enchantments.
   It lets you blink.
 E - the ring of Tuhix {rN+ Int+3}
   (You found it on level 6 of the Dungeon)

   [ring of positive energy]

   It affects your intelligence (+3).
   It protects you from negative energy.
 G - the ring of Greed (right hand) {*Slow rC+ Str+5 Int+4}
   (You found it on level 6 of the Dungeon)

   [ring of intelligence]

   It affects your strength (+5).
   It affects your intelligence (+4).
   It protects you from cold.
   It may slow you when you take damage.
 R - an uncursed ring of protection from fire
 Z - an amulet of magic regeneration (around neck)
Wands
 u - a wand of acid (15)
 y - a wand of paralysis (28)
 I - a wand of digging (24)
Scrolls
 b - 2 scrolls of blinking
 e - 5 scrolls of teleportation
 f - a scroll of fog
 g - 10 scrolls of remove curse
 i - 6 scrolls of enchant weapon
 l - 2 scrolls of vulnerability
 p - 5 scrolls of enchant armour
 t - 2 scrolls of summoning
 v - a scroll of silence
 A - 7 scrolls of amnesia
 F - 10 scrolls of magic mapping
 M - 2 scrolls of torment
 Q - 2 scrolls of holy word
 S - a scroll of fear
 U - 4 scrolls of identify
Potions
 j - a potion of flight
 n - 4 potions of mutation
 r - a potion of ambrosia
 C - 5 potions of lignification
 D - 7 potions of might
 H - 11 potions of degeneration
 K - 6 potions of haste
 P - 2 potions of cancellation
 T - 5 potions of invisibility
 V - 7 potions of curing
 W - 4 potions of agility
Books
 c - a book of Maledictions

   Spells                             Type                      Level
   a - Corona                         Hexes                        1
   b - Ensorcelled Hibernation        Hexes/Ice                    2
   c - Confuse                        Hexes                        3
   d - Tukima's Dance                 Hexes                        3
   e - Dazzling Spray                 Conjuration/Hexes            3
 w - a book of Callings

   Spells                             Type                      Level
   a - Summon Small Mammal            Summoning                    1
   b - Call Imp                       Summoning                    2
   c - Call Canine Familiar           Summoning                    3
   d - Summon Guardian Golem          Hexes/Summoning              3
   e - Summon Lightning Spire         Summoning/Air                4
   f - Summon Ice Beast               Ice/Summoning                4
 O - a book of Beasts

   Spells                             Type                      Level
   a - Summon Butterflies             Summoning                    1
   b - Call Canine Familiar           Summoning                    3
   c - Summon Ice Beast               Ice/Summoning                4
   d - Summon Mana Viper              Hexes/Summoning              5
   e - Summon Hydra                   Summoning                    7
 X - a Young Poisoner's Handbook

   Spells                             Type                      Level
   a - Sting                          Conjuration/Poison           1
   b - Poisonous Vapours              Poison/Air                   2
   c - Mephitic Cloud                 Conjuration/Poison/Air       3
   d - Olgreb's Toxic Radiance        Poison                       4
   e - Venom Bolt                     Conjuration/Poison           5
Miscellaneous
 N - a box of beasts
Comestibles
 d - 36 rations


   Skills:
 - Level 16.3 Fighting
 - Level 9.3 Short Blades
 - Level 5.0 Armour
 - Level 20.8 Dodging
 O Level 27 Stealth
 - Level 7.2 Shields
 - Level 12.1 Spellcasting
 - Level 11.0 Hexes
 * Level 13.6 Summonings
 - Level 6.5 Invocations


You had 10 spell levels left.
You knew the following spells:

 Your Spells              Type           Power        Failure   Level  Hunger
a - Corona                Hex            ######.      1%          1    None
b - Ensorcelled Hibernat  Hex/Ice        ######       1%          2    None
c - Confuse               Hex            ######..     1%          3    None
d - Dazzling Spray        Conj/Hex       ######       1%          3    None
e - Tukima's Dance        Hex            ######..     1%          3    None
f - Call Canine Familiar  Summ           #######.     1%          3    None
g - Summon Mana Viper     Hex/Summ       #######.     1%          5    ##.....
h - Blink                 Tloc           N/A          4%          2    None
i - Summon Lightning Spi  Summ/Air       ######..     1%          4    None
j - Apportation           Tloc           ###...       2%          1    None
k - Summon Hydra          Summ           #######...   9%          7    ######.


Dungeon Overview and Level Annotations

Branches:
Dungeon (15/15)            Temple (1/1) D:7            Lair (6/6) D:9
  Swamp (4/4) Lair:2        Snake (4/4) Lair:3        Slime (0/5) Lair:5
    Orc (2/2) D:9             Elf (1/3) Orc:2        Vaults (4/5) D:13
  Crypt (0/3) Vaults:2     Depths (3/5) D:15

Altars:
Ashenzari
Cheibriados
Dithmenos
Elyvilon
Fedhas
Gozag
Hepliaklqana
Kikubaaqudgha
Makhleb
Nemelex Xobeh
Okawaru
Qazlal
Ru
Sif Muna
Trog
Uskayaw
Vehumet
Wu Jian
Xom
Yredelemnul
Zin
The Shining One
Jiyva

Shops:
D:7 ?   D:10 !   D:15 *   Orc:2 [=:[   Vaults:3 }   Depths:1 :=%*}*

Portals:
Hell: Depths:1 Depths:2
Abyss: Depths:2

Annotations:
D:4 Pikel
Lair:5 exclusion: oklob plant
Snake:1 Bai Suzhen
Depths:2 Sojobo


Innate Abilities, Weirdness & Mutations

You are very small and have problems with some larger weapons.
You are too small for most types of armour.
You have supernaturally acute eyesight. (SInv)
You are a herbivore.
You cover ground extremely quickly.
You need consume almost no food.


Message History

You block the air elemental's attack.
You are engulfed in raging winds.
The air elemental completely misses you.
The air elemental completely misses you.
The air elemental completely misses you.
The air elemental hits you but does no damage.
You float gracefully downwards.
The air elemental closely misses you. x2
Sojobo waves her feathered arms in wide circles.
The air twists around and strikes you!
* * * LOW HITPOINT WARNING * * *
The winds around the air elemental calm down.
A vortex of raging winds appears around the air elemental!
You block the air elemental's attack.
The vortex of raging winds lifts you up.
You fly up into the air.
* * * LOW HITPOINT WARNING * * *
You block the air elemental's attack.
The air elemental completely misses you.
You die...

### ### ## ###### ###.# #####.#
≈###..#.#######...### ###......
≈≈##.....##.#)..#...#####...###.#
)≈##............#.........§.#....
.≈##..<...#...#§..#...#.§§V.#.###
.≈##§§.§#.Q.#.§.#...#...#§§§..#.)
.≈##..<...#§§§#E§.#...#.§§§§#.#.#
.≈##.......§.EE.@.......§§§§#.#..
.≈########################§.#.#.#
##≈###########.############....#.
###§≈§≈§≈§##......#......##.#...#
.##?.§.§.≈##.##..#'#.#...##.##...
#'.§.#...≈#..#.#..#...#..##..##.#
'....#...≈##..##.#'#...#.##......
......##.≈##......#......#######.
.<.......≈##.#.#.####.#.####.####


You could see Sojobo and 3 air elementals.

Vanquished Creatures
  Mara (Snake:3)
  A juggernaut (Depths:2)
  Mennas (Vaults:3)
  A caustic shrike (Depths:2)
  A golden dragon (Depths:2)
  Nikola (Swamp:2)
  A tentacled monstrosity (Depths:2)
  A lich (Vaults:3)
  Asterion (Vaults:2)
  A quicksilver dragon (Depths:2)
  Agnes (Snake:4)
  A sphinx (Vaults:3)
  2 tentacled starspawn (Abyss:3)
  2 shadow dragons
  Kirke (D:15)
  4 tengu reavers
  11 nagarajas
  2 frost giants
  2 deep elf sorcerers (Vaults:2)
  9 vault wardens
  5 fire giants
  An orc warlord (D:9)
  A ghost moth (shapeshifter) (Vaults:4)
  17 ironheart preservers
  15 stone giants
  16 very ugly things
  4 entropy weavers
  A vampire knight (Depths:2)
  A deep elf demonologist (Vaults:1)
  The ghost of Vajrapani the Unseen, a journeyman OpGl of Hepliaklqana (Orc:1)
  A spark wasp (Depths:2)
  A deep elf annihilator (Vaults:2)
  3 dire elephants (Lair:6)
  7 ettins
  2 deep elf death magi
  2 crystal guardians
  4 fire dragons
  The ghost of Kavrick the Carver, a journeyman DsFi of Okawaru (Lair:4)
  8 great orbs of eyes
  3 rakshasas
  12 yaktaur captains
  13 naga warriors
  10 vault guards
  6 ice dragons
  13 hydras
  A ghost crab (Swamp:2)
  A juggernaut simulacrum (Depths:3)
  2 spriggan air magi (Depths:2)
  10 ogre magi
  17 anacondas
  An anaconda (shapeshifter) (Vaults:3)
  A catoblepas (shapeshifter) (Vaults:3)
  12 centaur warriors
  4 death knights
  6 deep troll shamans
  14 two-headed ogres
  7 alligators
  A two-headed ogre (shapeshifter) (Vaults:2)
  2 dancing weapons (Elf:1)
  3 death yaks (Lair:4)
  An alligator (shapeshifter) (Depths:1)
  6 deep troll earth magi
  A queen ant (Lair:6)
  The ghost of anet the Thaumaturge, a journeyman DEWz of Ashenzari (D:10)
  3 thrashing horrors (Abyss:3)
  An orc high priest (Orc:2)
  8 naga sharpshooters
  3 tengu warriors
  6 shock serpents
  3 spriggan berserkers (Depths:2)
  15 spriggans
  4 hell knights (Depths:1)
  3 deep elf knights
  2 wretched stars
  A salamander mystic (Snake:3)
  7 shadow wraiths
  3 iron trolls (Depths:3)
  2 skeletal warriors (D:12)
  2 unseen horrors
  A glowing orange brain (Depths:1)
  10 deep trolls
  4 wizards
  3 shambling mangroves
  2 spriggan druids (Swamp:4)
  5 flayed ghosts
  3 deep elf archers
  An unseen horror (shapeshifter) (Depths:1)
  3 lindwurms (Swamp:4)
  8 swamp dragons
  3 phantasmal warriors
  11 naga ritualists
  A lindwurm (shapeshifter) (Vaults:3)
  15 ironbrand convokers
  13 orc knights
  A harpy (shapeshifter) (Vaults:1)
  5 necromancers
  5 wolf spiders
  A sphinx zombie (Depths:3)
  30 ugly things
  14 harpies
  7 mana vipers
  A fire giant zombie (Abyss:2)
  9 deep elf magi
  A salamander (shapeshifter) (Vaults:4)
  9 cyclopes
  7 orc sorcerers
  3 manticores
  A faun (shapeshifter) (Depths:3)
  11 elephants
  10 salamanders
  2 worldbinders
  An ice statue (Snake:2)
  46 black mambas
  13 naga magi
  11 vault sentinels
  Maurice (D:13)
  A torpor snail (Lair:5)
  14 guardian serpents
  A black mamba (shapeshifter) (Vaults:3)
  A gargoyle (D:13)
  16 spiny frogs
  A komodo dragon (shapeshifter) (Abyss:3)
  A spiny frog (shapeshifter) (Vaults:4)
  5 freezing wraiths
  2 human zombies
  53 yaktaurs
  An efreet (D:14)
  5 komodo dragons
  A yaktaur (shapeshifter) (Depths:2)
  2 kobold demonologists
  An elf skeleton (Depths:3)
  A meliai (shapeshifter) (Vaults:2)
  A merfolk (shapeshifter) (Depths:1)
  4 trolls
  3 tengu conjurers
  22 hornets
  The ghost of Ripsaw the Grasshopper, an amateur GnWr of Yredelemnul (D:5)
  9 tyrant leeches
  37 slime creatures
  5 dream sheep (Lair:5)
  17 blink frogs
  Grinder (D:4)
  9 bog bodies
  2 ettin zombies (Vaults:4)
  5 raiju (Abyss:3)
  3 flying skulls (Abyss:3)
  5 hippogriffs
  A human simulacrum (Vaults:3)
  2 tarantellas (Vaults:2)
  2 centaur simulacra (D:15)
  2 vampires (D:14)
  A ynoxinul (Abyss:2)
  A spriggan (shapeshifter) (Depths:1)
  A shadow (Swamp:2)
  4 wraiths
  A water elemental (Depths:3)
  5 hogs (D:15)
  37 yaks
  20 humans (D:13)
  A basilisk (shapeshifter) (Depths:1)
  A golden eye (shapeshifter) (Vaults:4)
  2 wyverns
  6 hungry ghosts
  7 vampire mosquitoes
  A steam dragon (D:9)
  2 hogs (shapeshifter)
  22 swamp worms
  Menkaure (D:6)
  47 nagas
  13 soldier ants
  2 acid dragons (Vaults:2)
  5 insubstantial wisps (Swamp:1)
  4 wargs
  11 water moccasins
  8 porcupines
  A floating eye (Depths:2)
  2 sky beasts
  A sky beast (shapeshifter) (Vaults:4)
  4 phantoms
  A slave (D:4)
  An ice beast (D:12)
  15 swamp drakes
  13 boggarts
  2 human skeletons (Vaults:4)
  A boggart (shapeshifter) (Depths:2)
  3 black bears
  2 hornet zombies
  27 centaurs
  30 ogres
  39 orc warriors
  A necrophage (D:12)
  14 wolves
  8 crocodiles
  4 big kobolds
  Blork the orc (D:4)
  21 bullfrogs
  2 small abominations
  A wyvern skeleton (D:15)
  2 scorpions
  17 killer bees
  A howler monkey (D:10)
  An electric eel (D:8)
  2 bullfrog zombies
  6 centaur zombies
  8 crimson imps
  2 quasits
  5 hounds
  38 orc wizards
  Crazy Yiuf (D:2)
  A bullfrog skeleton (D:4)
  8 centaur skeletons
  4 jellies
  27 orc priests
  An iron imp (Abyss:3)
  3 iguanas
  31 worker ants
  A howler monkey zombie (D:10)
  A gnoll (D:3)
  A howler monkey skeleton (D:4)
  10 adders
  7 shadow imps
  An ufetubus (Abyss:2)
  An adder zombie (D:7)
  An adder skeleton (D:4)
  2 worms
  A dart slug (D:2)
  11 leopard geckos
  106 orcs
  5 bats
  10 giant cockroaches
  10 goblins
  5 hobgoblins
  13 jackals
  A quokka (D:2)
  5 ball pythons
  11 frilled lizards
  20 kobolds
  A quokka skeleton (D:4)
  A quokka zombie (D:5)
  5 rats
  2 fungi (Depths:2)
  4 plants (Lair:6)
  4 starspawn tentacles (Abyss:3)
1651 creatures vanquished.

Vanquished Creatures (collateral kills)
  A lich (Abyss:3)
  A frost giant (Depths:2)
  2 very ugly things (Depths:2)
  2 stone giants (Depths:2)
  A spriggan defender (Depths:2)
  A deep elf demonologist (Vaults:2)
  A vampire knight (Depths:3)
  An ettin (Depths:2)
  2 great orbs of eyes (Depths:2)
  A rakshasa (Vaults:1)
  A spriggan air mage (Depths:3)
  A vampire mage (Depths:2)
  A spriggan berserker (Depths:2)
  A hell knight (Depths:1)
  A yaktaur (Depths:2)
  An orc warrior (Orc:2)
  A boggart (Vaults:2)
  A killer bee (D:7)
21 creatures vanquished.

Vanquished Creatures (others)
  An orc priest (Orc:1)
  An orc (D:4)
  A bush (Lair:5)
  14 fungi
  8 plants
  5 starspawn tentacles (Abyss:3)
30 creatures vanquished.

Grand Total: 1702 creatures vanquished

Notes
Turn   | Place    | Note
-------+----------+-------------------------------------------
     0 | D:1      | toffzen the Spriggan Enchanter began the quest for the Orb.
     0 | D:1      | Reached XP level 1. HP: 9/9 MP: 5/5
   368 | D:1      | Reached XP level 2. HP: 13/13 MP: 4/7
   545 | D:1      | Learned a level 2 spell: Ensorcelled Hibernation
  1710 | D:2      | Reached skill level 5 in Stealth
  1926 | D:2      | Found a radiant altar of Vehumet.
  2097 | D:2      | Reached XP level 3. HP: 16/16 MP: 5/8
  2266 | D:2      | Learned a level 3 spell: Confuse
  2502 | D:2      | Found a runed door.
  2506 | D:2      | Noticed Crazy Yiuf
  2527 | D:2      | Killed Crazy Yiuf
  2813 | D:2      | Reached XP level 4. HP: 21/21 MP: 7/10
  3279 | D:3      | Found a stormy altar of Qazlal.
  3514 | D:3      | Reached skill level 6 in Stealth
  3968 | D:3      | Reached skill level 5 in Hexes
  3968 | D:3      | Reached XP level 5. HP: 22/24 MP: 12/12
  4278 | D:3      | Found a bloodstained altar of Trog.
  4434 | D:4      | Noticed an ogre
  4443 | D:4      | Killed an ogre
  4457 | D:4      | Reached skill level 7 in Stealth
  4457 | D:4      | Reached XP level 6. HP: 28/28 MP: 14/14
  4487 | D:4      | Noticed Blork the orc
  4849 | D:4      | Killed Blork the orc
  4849 | D:4      | Reached skill level 5 in Spellcasting
  5042 | D:4      | Noticed a slave
  5043 | D:4      | Noticed Pikel
  5043 | D:4      | Noticed a slave
  5043 | D:4      | Noticed a slave
  5043 | D:4      | Noticed a slave
  5077 | D:4      | Learned a level 3 spell: Dazzling Spray
  5116 | D:4      | Noticed Grinder
  5579 | D:4      | Killed a slave
  5954 | D:3      | Reached skill level 8 in Stealth
  5954 | D:3      | Reached XP level 7. HP: 25/32 MP: 2/16
  6151 | D:4      | Killed Grinder
  6660 | D:4      | Reached skill level 9 in Stealth
  6811 | D:5      | Entered Level 5 of the Dungeon
  6865 | D:5      | Found a glowing drain.
  6869 | Sewer    | Entered a sewer
  7191 | Sewer    | Reached XP level 8. HP: 24/36 MP: 11/19
  7313 | D:5      | Noticed Ripsaw's ghost (amateur GnWr)
  7435 | D:5      | Killed Ripsaw's ghost
  7661 | D:5      | Reached skill level 10 in Stealth
  7944 | D:5      | Found a hazy altar of Hepliaklqana.
  8244 | D:6      | Got an ominously black robe
  8283 | D:5      | Identified the +0 robe "Ilitwoso" {+Fly SInv} (You found it on level 6 of the Dungeon)
  8439 | D:6      | Got a serpentine silver ring
  8445 | D:6      | Identified the ring of Tuhix {rN+ Int+3} (You found it on level 6 of the Dungeon)
  8484 | D:6      | Noticed Menkaure
  8498 | D:6      | Killed Menkaure
  8546 | D:6      | Got a warped iron ring
  8555 | D:5      | Identified the ring of Greed {*Slow rC+ Str+5 Int+4} (You found it on level 6 of the Dungeon)
  8673 | D:6      | Reached skill level 11 in Stealth
  8745 | D:6      | Reached XP level 9. HP: 39/39 MP: 13/22
  8985 | D:6      | You fall through a shaft for 3 floors!
  8993 | D:9      | Noticed an unseen horror
  9004 | D:9      | Killed an unseen horror
  9004 | D:9      | Reached skill level 12 in Stealth
  9221 | D:9      | Reached skill level 13 in Stealth
  9986 | D:7      | Found Osodeij's Magic Scroll Boutique.
 10241 | D:6      | Found a glowing golden altar of the Shining One.
 10287 | D:6      | Found a basalt altar of Yredelemnul.
 10398 | D:6      | Noticed an enchanted dagger
 10400 | D:6      | Noticed a dagger
 10401 | D:6      | Found a hide-covered altar of Uskayaw.
 10600 | D:6      | Noticed an angel
 10685 | D:7      | Found a staircase to the Ecumenical Temple.
 10714 | D:7      | Reached skill level 10 in Hexes
 10720 | Temple   | Entered the Ecumenical Temple
 11005 | Temple   | Became a worshipper of Dithmenos the Shadowed
 11441 | D:7      | Reached XP level 10. HP: 29/44 MP: 14/24
 11727 | D:7      | Found a burning altar of Makhleb.
 11731 | D:7      | Found a glowing silver altar of Zin.
 11731 | D:7      | Noticed an angel
 11731 | D:7      | Noticed a balrug
 11755 | D:7      | Reached skill level 14 in Stealth
 12007 | D:7      | Found an ornate altar of the Wu Jian Council.
 12131 | D:7      | Bought a scroll of blinking for 97 gold pieces
 12131 | D:7      | Bought a scroll of teleportation for 39 gold pieces
 12305 | D:8      | Reached skill level 10 in Spellcasting
 12995 | D:8      | Reached skill level 1 in Fighting
 13187 | D:9      | Upgraded the game from 0.22-a0-110-g5b255cf to 0.22-a0-117-g314b907
 13298 | D:9      | Found a sacrificial altar of Ru.
 13321 | D:9      | Noticed a two-headed ogre
 13328 | D:9      | Killed a two-headed ogre
 13459 | D:9      | Found a shimmering altar of Xom.
 13555 | D:9      | Found an opulent altar of Gozag.
 13625 | D:9      | Found a staircase to the Lair.
 13808 | D:9      | Reached * piety under Dithmenos
 13834 | D:9      | Found a staircase to the Orcish Mines.
 13862 | D:9      | Reached skill level 15 in Stealth
 14044 | Lair:1   | Entered Level 1 of the Lair of Beasts
 14148 | Lair:1   | Noticed a spiny frog
 14158 | Lair:1   | Killed a spiny frog
 14158 | Lair:1   | Reached skill level 5 in Dodging
 14193 | Lair:1   | Noticed a spiny frog
 14210 | Lair:1   | Killed a spiny frog
 14345 | Lair:1   | Noticed a five-headed hydra
 14495 | Lair:1   | Learned a level 3 spell: Tukima's Dance
 14499 | Lair:1   | Learned a level 3 spell: Call Canine Familiar
 14537 | Lair:1   | Killed a five-headed hydra
 14537 | Lair:1   | Reached XP level 11. HP: 51/51 MP: 12/26
 14827 | Lair:1   | Reached skill level 1 in Summonings
 15011 | Lair:1   | Reached skill level 16 in Stealth
 15540 | Lair:2   | Found a staircase to the Swamp.
 16783 | Lair:3   | Reached ** piety under Dithmenos
 16792 | Lair:3   | Reached skill level 17 in Stealth
 17006 | Lair:3   | Found a staircase to the Snake Pit.
 17303 | Lair:3   | Reached XP level 12. HP: 58/58 MP: 25/28
 17694 | Lair:4   | Noticed a death yak
 17694 | Lair:4   | Noticed a death yak
 17695 | Lair:4   | Noticed a death yak
 17718 | Lair:4   | Killed a death yak
 17735 | Lair:4   | Killed a death yak
 17806 | Lair:4   | Killed a death yak
 17862 | Lair:4   | Noticed Kavrick's ghost (journeyman DsFi)
 18023 | Lair:4   | Reached skill level 18 in Stealth
 18144 | Lair:4   | Killed Kavrick's ghost
 18632 | Lair:5   | Reached skill level 5 in Fighting
 18636 | Lair:5   | Reached skill level 5 in Short Blades
 18742 | Lair:5   | Found a staircase to the Slime Pits.
 18832 | Lair:5   | Reached *** piety under Dithmenos
 19244 | Lair:5   | Reached skill level 10 in Dodging
 19246 | Lair:5   | Reached skill level 19 in Stealth
 19885 | Lair:6   | Entered Level 6 of the Lair of Beasts
 19968 | Lair:6   | Reached XP level 13. HP: 65/65 MP: 26/29
 20265 | Lair:6   | Reached skill level 1 in Armour
 20278 | Lair:6   | Noticed an entropy weaver
 20336 | Lair:6   | Reached **** piety under Dithmenos
 20475 | Lair:6   | Killed an entropy weaver
 20511 | Lair:6   | Noticed an entropy weaver
 20525 | Lair:6   | Killed an entropy weaver
 20826 | Lair:6   | Identified the Papyrus of Shifting Ignition
 21914 | Lair:6   | Noticed a dire elephant
 21914 | Lair:6   | Noticed a dire elephant
 21929 | Lair:6   | Noticed a dire elephant
 21965 | Lair:6   | Noticed a dire elephant
 21969 | Lair:6   | Killed a dire elephant
 21969 | Lair:6   | Reached ***** piety under Dithmenos
 22697 | Lair:6   | Noticed a dire elephant
 22726 | Lair:6   | Killed a dire elephant
 22726 | Lair:6   | Reached skill level 5 in Armour
 22781 | Lair:6   | Killed a dire elephant
 23129 | D:10     | Entered Level 10 of the Dungeon
 23443 | D:10     | Reached skill level 5 in Summonings
 23677 | D:10     | Found Weineiga's Distillery.
 23685 | D:10     | Bought a potion of haste for 150 gold pieces
 23685 | D:10     | Bought a potion of haste for 150 gold pieces
 23685 | D:10     | Bought 2 potions of heal wounds for 150 gold pieces
 23685 | D:10     | Bought a potion of invisibility for 120 gold pieces
 23824 | D:10     | Found a stormy altar of Qazlal.
 23991 | D:11     | Reached XP level 14. HP: 72/72 MP: 30/30
 24592 | D:11     | Reached skill level 1 in Shields
 24939 | D:12     | Reached skill level 1 in Invocations
 26736 | D:13     | Noticed Maurice
 26740 | D:13     | Killed Maurice
 26998 | D:13     | Reached ****** piety under Dithmenos
 27091 | D:13     | Found a gate to the Vaults.
 27321 | D:13     | Reached skill level 5 in Shields
 27996 | D:14     | Reached skill level 5 in Invocations
 29745 | D:15     | Entered Level 15 of the Dungeon
 29873 | D:15     | Found Gozag's Platinum Reserve.
 30909 | D:15     | Found an opulent altar of Gozag.
 31018 | D:15     | Reached XP level 15. HP: 76/76 MP: 29/31
 31234 | D:15     | Noticed Kirke
 31243 | D:15     | Killed Kirke
 31345 | D:15     | Found a staircase to the Depths.
 31566 | D:10     | Noticed anet's ghost (journeyman DEWz)
 31587 | D:10     | Killed anet's ghost
 31677 | Orc:1    | Entered Level 1 of the Orcish Mines
 31678 | Orc:1    | Noticed Vajrapani's ghost (journeyman OpGl)
 31733 | Orc:1    | Killed Vajrapani's ghost
 32226 | Orc:1    | Noticed an orc warlord
 32675 | D:9      | Killed an orc warlord
 32890 | Orc:1    | You fall through a shaft!
 32890 | Orc:2    | Entered Level 2 of the Orcish Mines
 33501 | Orc:2    | Found a staircase to the Elven Halls.
 34760 | Orc:2    | Found Kok Ifukk's Antique Armour Boutique.
 34760 | Orc:2    | Found Cietzu's Jewellery Shop.
 34763 | Orc:2    | Found Cikeusch's Book Boutique.
 34763 | Orc:2    | Found Jucsu's Antique Armour Shop.
 35443 | Lair:3   | Upgraded the game from 0.22-a0-117-g314b907 to 0.22-a0-126-g307c7c3
 35626 | Orc:2    | Bought the ring of Freedom {rCorr +Blink rPois MR+++ Dex-2} for 587 gold pieces
 35863 | Snake:1  | Entered Level 1 of the Snake Pit
 36075 | Snake:1  | Reached skill level 20 in Stealth
 37469 | Snake:2  | Noticed a nagaraja
 37702 | Snake:2  | Killed a nagaraja
 37940 | Snake:2  | You fall through a shaft!
 38349 | Snake:2  | Reached XP level 16. HP: 84/84 MP: 32/32
 39191 | Snake:3  | Noticed Bai Suzhen
 39541 | Snake:3  | Reached skill level 21 in Stealth
 39601 | Snake:3  | Noticed Mara
 39605 | Snake:3  | Killed Mara
 39605 | Snake:3  | Reached skill level 10 in Fighting
 39833 | Snake:3  | Found a sacrificial altar of Ru.
 40167 | Snake:4  | Entered Level 4 of the Snake Pit
 40959 | Snake:4  | Noticed Agnes
 40962 | Snake:4  | Killed Agnes
 42057 | Snake:4  | Reached XP level 17. HP: 91/91 MP: 31/33
 42177 | Snake:4  | Reached skill level 22 in Stealth
 42184 | Snake:4  | Reached skill level 15 in Dodging
 43799 | Snake:4  | Got a serpentine rune of Zot
 44303 | Orc:2    | Bought a book of Beasts for 715 gold pieces
 44309 | Orc:2    | Learned a level 5 spell: Summon Mana Viper
 44573 | Swamp:1  | Entered Level 1 of the Swamp
 45532 | Swamp:2  | Noticed Nikola
 45538 | Swamp:2  | Killed Nikola
 46063 | Swamp:2  | Got a warped rapier
 46174 | Swamp:2  | Identified the +1 rapier of Nemelex Xobeh's Envy {holy, rN+ Str+3} (You found it on level 2 of the Swamp)
 47444 | Swamp:3  | Reached skill level 23 in Stealth
 48487 | Swamp:4  | Entered Level 4 of the Swamp
 48762 | Swamp:3  | Reached XP level 18. HP: 89/100 MP: 28/34
 50029 | Swamp:4  | Got a decaying rune of Zot
 50325 | Vaults:1 | Entered Level 1 of the Vaults
 50326 | Vaults:1 | Upgraded the game from 0.22-a0-126-g307c7c3 to 0.22-a0-135-g6f012ad
 51432 | Vaults:1 | Reached skill level 24 in Stealth
 53370 | Vaults:1 | Identified a scroll of acquirement
 53380 | Vaults:1 | Found the +3 sling "Punk" {acid, rCorr}
 53578 | Vaults:1 | Reached skill level 25 in Stealth
 55852 | Vaults:2 | Reached skill level 26 in Stealth
 56395 | Vaults:2 | Noticed a Hell Sentinel
 56712 | Vaults:2 | Found a staircase to the Crypt.
 57818 | Vaults:2 | Reached XP level 19. HP: 105/105 MP: 29/35
 57894 | Vaults:2 | Noticed Asterion
 57916 | Vaults:2 | Killed Asterion
 58936 | Vaults:3 | Noticed Mennas
 58939 | Vaults:3 | Killed Mennas
 60763 | Vaults:3 | Reached skill level 27 in Stealth
 60874 | Vaults:3 | Found Plog's Gadget Boutique.
 63164 | Vaults:4 | Reached XP level 20. HP: 112/112 MP: 36/36
 63912 | Vaults:4 | Learned a level 2 spell: Blink
 66056 | Vaults:4 | Reached skill level 15 in Fighting
 66194 | Vaults:4 | Reached skill level 10 in Summonings
 67456 | Elf:1    | Entered Level 1 of the Elven Halls
 68122 | Depths:1 | Entered Level 1 of the Depths
 68146 | Depths:1 | Found Jiannus's Assorted Antiques.
 68155 | Depths:1 | Found Uganib's General Store.
 68161 | Depths:1 | Bought a scroll of blinking for 142 gold pieces
 68317 | Depths:1 | Found Emuamp's Jewellery Boutique.
 68362 | Depths:1 | Found Cotsamor's Gadget Shop.
 68386 | Depths:1 | Found Fofuki Apse's Book Boutique.
 68610 | Depths:1 | Identified the ring "Doalif" {rF+ SInv} (You found it on level 1 of the Depths)
 68940 | Depths:1 | Found Evag's Food Shoppe.
 69183 | Depths:1 | Found a gateway to Hell.
 69629 | Depths:2 | Found a one-way gate to the infinite horrors of the Abyss.
 70144 | Depths:2 | Noticed Sojobo
 70487 | Depths:2 | Upgraded the game from 0.22-a0-135-g6f012ad to 0.22-a0-136-g83a10e5
 70600 | Depths:2 | Found a burning altar of Makhleb.
 70600 | Depths:2 | Found an ornate altar of the Wu Jian Council.
 70601 | Depths:2 | Found a snail-covered altar of Cheibriados.
 70636 | Depths:2 | Reached XP level 21. HP: 118/118 MP: 37/37
 70724 | Depths:2 | Noticed a caustic shrike
 70726 | Depths:2 | Killed a caustic shrike
 71201 | Depths:2 | Learned a level 4 spell: Summon Lightning Spire
 71767 | Depths:2 | Noticed a juggernaut
 71770 | Depths:2 | Killed a juggernaut
 72182 | Depths:2 | Learned a level 1 spell: Apportation
 72450 | Depths:3 | Upgraded the game from 0.22-a0-136-g83a10e5 to 0.22-a0-142-g91cc6d7
 73529 | Depths:2 | Noticed a golden dragon
 73532 | Depths:2 | Found the -2 hat of the Alchemist {rElec rPois rF+ rC+ rN+ MR+ rMut rCorr}
 73533 | Depths:2 | Killed a golden dragon
 73831 | Depths:2 | Learned a level 7 spell: Summon Hydra
 76526 | Depths:3 | Noticed a juggernaut
 76726 | Depths:2 | Cast into level 2 of the Abyss (rakshasa)
 76727 | Abyss:2  | Upgraded the game from 0.22-a0-142-g91cc6d7 to 0.22-a0-159-g7ce444f
 76727 | Abyss:2  | Upgraded the game from 0.22-a0-159-g7ce444f to 0.22-a0-185-ge330310
 78330 | Abyss:3  | Upgraded the game from 0.22-a0-185-ge330310 to 0.22-a0-192-g6ffc940
 78387 | Depths:2 | Escaped the Abyss
 78828 | Depths:2 | HP: 4/119 [Sojobo/the air (8)]
 78832 | Depths:2 | Killed from afar by an air elemental

Vault maps used:
D:1:      erik_arrival_cave_to_civilisation
D:2:      nicolae_overflow_crystal_walls, first_ration, uniq_crazy_yiuf_cottage
D:3:      old_standard_altar, marbit_many_paths
D:4:      uniq_pikel, uniq_blork_the_orc, uniq_grinder
D:5:      lemuel_crystal_altar, gup_sewer_entry_bowl
D:6:      grunt_temple_overflow_holy_war, dancing_weapons_uskayaw, uniq_menkaure
D:7:      grunt_temple_overflow_order_and_chaos_2, lemuel_doored_altar,
          minmay_temple_entry_statues_fountains, serial_shops, shop
D:8:      enter_bailey_2
D:9:      lemuel_crystal_altar, lemuel_crystal_altar,
          nicolae_ru_sacrificial_ziggurat, dpeg_oklobed_lair, erik_orc_1
D:10:     serial_shops, shop, basic_altar
D:11:     kennysheep_minor_cross
D:12:     minivault_22
D:13:     grunt_vaults_entry_tiered, grunt_pizzeria, minmay_misc_feat_cross,
          uniq_maurice
D:14:     minmay_misc_feat_pillars
D:15:     grunt_enter_depths_magical_seal, nicolae_gozag_zags_fifth_avenue,
          uniq_kirke
Temple:   pf_slime_end_temple
Lair:2:   minmay_swamp_entry_worms
Lair:3:   guppyfry_snake_entry_island, minmay_stone_trees_small,
          infiniplex_staircase_pool_2
Lair:4:   hibernation_bobbens, lemuel_fruit_tree
Lair:5:   lemuel_slime, slime_dummy, serial_bayou_shore_a
Lair:6:   due_jungle_book, minmay_another_anthill, grunt_megastairs_2
Swamp:1:  evilmike_swamp_ruin_house_5
Swamp:2:  evilmike_swamp_ruin_house_3, swamp_pool4, uniq_nikola
Swamp:3:  evilmike_swamp_ruin_house_1
Swamp:4:  swamp_alternative
Snake:1:  st_stairs_9
Snake:2:  portal_ice_cave_entry_ice_statue_one, eino_curves_04,
          serial_bayou_shore_b
Snake:3:  basic_altar, uniq_mara, uniq_bai_suzhen
Snake:4:  grunt_snake_rune_serpentine_throne, st_stairs_6, uniq_agnes
Orc:2:    st_orc_mages
Elf:1:    enter_trove_1, minmay_elf_sorcery, spider_trap, grunt_megastairs_3,
          roderic_lattice_octagonal_star
Vaults:1: nicolae_vaults_theta, v_rooms_5, nicolae_vaults_quartermaster,
          nicolae_vaults_mini_display_case, nicolae_vaults_rhombus_5,
          v_pattern_5, nicolae_vaults_little_squares_2,
          nicolae_vaults_stairing_the_circle, vaults_room_hallway,
          nicolae_vaults_little_squares_3, mu_enter_wizlab_1
Vaults:2: nicolae_vaults_halls_meeting, nicolae_vaults_windows_and_doors_thing,
          vaults_room_fours, v_misc_10, nicolae_vaults_little_squares_6,
          nicolae_vaults_shelves_hall, vaults_dpeg_encased_lava,
          blue_anna_dwarven_crypt, hangedman_vaults_trim, uniq_asterion
Vaults:3: st_hourglassy, ontoclasm_vaults_misaligned, vaults_mumra_chevron_long,
          v_alt_pattern_4, nicolae_vaults_network_star, v_misc_31,
          ontoclasm_vaults_ring_large, grunt_vaults_trifunnel,
          nicolae_vaults_network_periphery, ontoclasm_vaults_loading_screen,
          hangedman_vaults_stagger, v_alt_pattern_5, v_misc_24, serial_shops,
          shop, uniq_mennas
Vaults:4: vaults_room_fancy_cross, v_pattern_3, ontoclasm_vaults_claustrophobia,
          nicolae_vaults_sealed_display, vaults_room_large_hall,
          v_alt_pattern_3, v_misc_19, v_rooms_2, grunt_vaults_twisty, v_misc_12,
          ontoclasm_vaults_hangar, v_misc_22
Depths:1: serial_shops, shop_coins, nicolae_shop_behind_doors,
          nicolae_shop_window_shopping, shop, minmay_door_square,
          pf_hell_entry_great_geh, minmay_pinched_square, serial_bayou_shore_b,
          minmay_shoptagon
Depths:2: hangedman_slaughterboxes, abyss_entry, hell_entry, uniq_sojobo
Depths:3: evilmike_lava_path, enter_ziggurat_c, pan_entry,
          minmay_misc_feat_square, abyss_entry_small_statue_room,
          grunt_hell_entry_dis_mu
Abyss:2:  hangedman_abyss_town
Abyss:3:  nicolae_abyss_rune_star_stuff, guppyfry_abyss_exit_imp_island
Sewer:    sewer_frog_island_01

Skill      XL: |  1  2  3  4  5  6  7  8  9 10 11 12 13 14 15 16 17 18 19 20 21 |
---------------+----------------------------------------------------------------+-----
Spellcasting   | 3 4 5 6 8 9 10 11 12 | 12.1
Hexes          | 4 5 6 7 8 10 11 | 11.0
Stealth        | 5 6 7 8 9 11 13 15 17 19 20 21 23 26 27 | 27.0
Fighting       | 2 4 5 7 9 11 13 14 15 16 | 16.3
Dodging        | 6 8 10 12 14 16 17 19 20 | 20.8
Summonings     | 3 4 5 6 7 9 11 13 | 13.6
Short Blades   | 3 6 8 9 |  9.3
Armour         | 5 |  5.0
Shields        | 6 7 |  7.2
Invocations    | 6 |  6.5

Action                   |  1- 3 |  4- 6 |  7- 9 | 10-12 | 13-15 | 16-18 | 19-21 || total
-------------------------+-------+-------+-------+-------+-------+-------+-------++-------
Melee: Dagger            |   117 |   120 |   336 |   280 |  1047 |   882 |   991 ||  3773
Throw: Stone             |       |     4 |     2 |     6 |    11 |    20 |    18 ||    61
 Cast: Corona            |     7 |       |       |       |     1 |       |       ||     8
       Ensorcelled Hiber |    27 |    54 |    43 |   106 |   288 |   207 |   203 ||   928
       Confuse           |       |    14 |    67 |    57 |   248 |   241 |   272 ||   899
       Dazzling Spray    |       |       |     9 |    48 |   270 |   319 |   263 ||   909
       Tukima's Dance    |       |       |       |       |     6 |       |     1 ||     7
       Call Canine Famil |       |       |       |       |     3 |       |       ||     3
       Summon Mana Viper |       |       |       |       |       |    18 |    47 ||    65
       Summon Lightning  |       |       |       |       |       |       |    24 ||    24
       Summon Hydra      |       |       |       |       |       |       |     9 ||     9
Invok: Shadow Step       |       |       |       |       |     1 |    16 |    23 ||    40
 Abil: Evoke Blink       |       |       |       |       |       |     1 |       ||     1
Evoke: Wand              |       |       |       |       |    18 |     6 |     9 ||    33
  Use: Scroll            |       |     4 |     3 |     5 |    18 |    11 |    13 ||    54
       Potion            |       |     1 |     3 |       |       |       |    10 ||    14
 Stab: Sleeping          |    22 |    26 |    38 |   111 |   247 |   217 |   227 ||   888
       Confused          |       |     5 |    33 |    38 |   118 |   140 |   157 ||   491
       Distracted        |       |     1 |     1 |       |     1 |     2 |     3 ||     8
       Invisible         |       |       |       |     4 |    17 |    43 |    21 ||    85
  Eat: Ration            |     1 |     2 |     5 |     3 |     9 |    11 |    13 ||    44
Armor: Robe              |     8 |     9 |    21 |     2 |       |       |       ||    40
       Steam dragon scal |       |       |       |     2 |    32 |    28 |    32 ||    94
Dodge: Dodged            |    94 |    99 |   171 |    97 |   386 |   505 |   627 ||  1979
Block: Buckler           |       |       |       |       |   109 |   147 |   205 ||   461

Table legend:
 A = Spawn XP
 B = Non-spawn XP
 C = Spawn XP percentage of total XP
 D = Spawn monster count
 E = Non-spawn monster count
 F = Spawn count percentage of total count
 G = Total turns spent on level
                    A         B        C        D         E        F      G
               +---------+---------+-------+---------+---------+-------+---------
         Total |   12292 |  694214 |   1.7 |      23 |    1640 |   1.4 | 78832
               +---------+---------+-------+---------+---------+-------+---------
           D:1 |       0 |      22 |   0.0 |       0 |      15 |   0.0 |  1625
           D:2 |       0 |     110 |   0.0 |       0 |      24 |   0.0 |  1577
           D:3 |       0 |     207 |   0.0 |       0 |      26 |   0.0 |  1980
           D:4 |       0 |     895 |   0.0 |       0 |      24 |   0.0 |  1629
           D:5 |       0 |     708 |   0.0 |       0 |      14 |   0.0 |  1036
           D:6 |       0 |    1294 |   0.0 |       0 |      31 |   0.0 |  1157
           D:7 |       0 |     806 |   0.0 |       0 |      13 |   0.0 |  1748
           D:8 |       0 |    1172 |   0.0 |       0 |      23 |   0.0 |  1083
           D:9 |       0 |    5234 |   0.0 |       0 |      37 |   0.0 |  2582
          D:10 |       0 |    3696 |   0.0 |       0 |      32 |   0.0 |   983
          D:11 |       0 |    2164 |   0.0 |       0 |      20 |   0.0 |  1129
          D:12 |       0 |    7362 |   0.0 |       0 |      50 |   0.0 |  1556
          D:13 |       0 |   12478 |   0.0 |       0 |      43 |   0.0 |  1812
          D:14 |       0 |   12927 |   0.0 |       0 |      50 |   0.0 |  1824
          D:15 |       0 |    8696 |   0.0 |       0 |      27 |   0.0 |  1517
        Lair:1 |       0 |    4116 |   0.0 |       0 |      17 |   0.0 |  1251
        Lair:2 |       0 |    3957 |   0.0 |       0 |      21 |   0.0 |  1875
        Lair:3 |       0 |    7164 |   0.0 |       0 |      23 |   0.0 |  1189
        Lair:4 |       0 |    6077 |   0.0 |       0 |      16 |   0.0 |  1098
        Lair:5 |       0 |    8632 |   0.0 |       0 |      34 |   0.0 |  2063
        Lair:6 |       0 |   24818 |   0.0 |       0 |      86 |   0.0 |  2330
       Swamp:1 |       0 |   11097 |   0.0 |       0 |      32 |   0.0 |  1194
       Swamp:2 |       0 |   19255 |   0.0 |       0 |      49 |   0.0 |  1620
       Swamp:3 |       0 |   12233 |   0.0 |       0 |      34 |   0.0 |  1719
       Swamp:4 |       0 |   16054 |   0.0 |       0 |      37 |   0.0 |   909
       Snake:1 |       0 |   12095 |   0.0 |       0 |      29 |   0.0 |  1574
       Snake:2 |       0 |   17599 |   0.0 |       0 |      35 |   0.0 |  1080
       Snake:3 |       0 |   24509 |   0.0 |       0 |      33 |   0.0 |  1738
       Snake:4 |       0 |   65534 |   0.0 |       0 |     100 |   0.0 |  3682
         Orc:1 |       0 |    3229 |   0.0 |       0 |      32 |   0.0 |  1134
         Orc:2 |       0 |    8802 |   0.0 |       0 |      84 |   0.0 |  2518
         Elf:1 |       0 |    1703 |   0.0 |       0 |       3 |   0.0 |   248
      Vaults:1 |       0 |   37282 |   0.0 |       0 |      70 |   0.0 |  3923
      Vaults:2 |       0 |   50693 |   0.0 |       0 |      85 |   0.0 |  5247
      Vaults:3 |       0 |   83182 |   0.0 |       0 |     108 |   0.0 |  3893
      Vaults:4 |       0 |   54776 |   0.0 |       0 |      90 |   0.0 |  3896
      Depths:1 |       0 |   28794 |   0.0 |       0 |      35 |   0.0 |  1647
      Depths:2 |       0 |  104456 |   0.0 |       0 |      99 |   0.0 |  6311
      Depths:3 |       0 |   26551 |   0.0 |       0 |      36 |   0.0 |  1091
       Abyss:2 |    1898 |       0 | 100.0 |       6 |       0 | 100.0 |   653
       Abyss:3 |   10394 |    3707 |  73.7 |      17 |       5 |  77.3 |  1008
         Sewer |       0 |     128 |   0.0 |       0 |      18 |   0.0 |   404
               +---------+---------+-------+---------+---------+-------+---------
